 Dungeon Crawl Stone Soup version 0.23-a0-49-gd9f7a49 (webtiles) character file.

42837 vexx32 the Fighter (level 14, -1/92 HPs)
             Began as a Gargoyle Earth Elementalist on Aug 8, 2018.
             Was a Believer of Ashenzari.
             Slain by a merfolk
             ... wielding a +0 glaive
              (8 damage)
             ... on level 1 of the Shoals.
             The game lasted 01:47:07 (27895 turns).

vexx32 the Fighter (Gargoyle Earth Elementalist)   Turns: 27895, Time: 01:47:08

Health: -1/92      AC: 28    Str: 20    XL:     14   Next: 21%
Magic:  3/27       EV:  7    Int: 18    God:    Ashenzari [**....]
Gold:   1586       SH:  0    Dex: 10    Spells: 11/31 levels left

rFire    + . .     SeeInvis .   K - +4 long sword
rCold    . . .     Gourm    .   w - +0 buckler
rNeg     + . .     Faith    .   N - +4 scale mail {rF+}
rPois    ∞         Spirit   .   D - +1 hat
rElec    +         Reflect  .   (no cloak)
rCorr    .         Harm     .   C - +0 pair of gloves
MR       +....                  (no boots)
Stlth    ..........             (no amulet)
HPRegen  0.25/turn              W - +2 ring of protection
MPRegen  0.20/turn              a - +2 ring of evasion

@: mighty, held
A: big wings, mutation resistance 1, negative energy resistance 1, electricity
resistance, wild magic 1, unbreathing, petrification resistance, rot immunity,
AC +10
a: Fly, Curse Item, Scrying, Renounce Religion


You were on level 1 of the Shoals.
You worshipped Ashenzari.
Ashenzari was pleased with you.
You were near starving.

You visited 4 branches of the dungeon, and saw 19 of its levels.
You also visited: Sewer, Ossuary and Bailey.

You collected 1586 gold pieces.

Inventory:

Hand Weapons
 e - the +1 mace "Zurph" {antimagic, rC+ Int-4 Dex+5}
   (You found it on level 6 of the Lair of Beasts)

   It reduces the magical energy of the wielder, and disrupts the spells and
   magical abilities of those hit.
   Natural abilities and divine invocations are not affected.
   It affects your intelligence (-4).
   It affects your dexterity (+5).
   It protects you from cold.
 E - a +2 falchion of holy wrath
 K - a +4 long sword (weapon)
Missiles
 b - 256 stones
Armour
 g - a +2 robe of cold resistance
 w - a +0 buckler (worn)
 C - a +0 pair of gloves (worn)
 D - a +1 hat (worn)
 N - a +4 scale mail of fire resistance (worn)
Magical Staves
 i - an uncursed staff of earth
 Z - an uncursed staff of wizardry
Jewellery
 a - a +2 ring of evasion (right hand)
 W - a +2 ring of protection (left hand)
Wands
 o - a wand of disintegration (15)
 r - a wand of digging (10)
 t - a wand of clouds (5)
 u - a wand of paralysis (31)
 B - a wand of iceblast (5)
 I - a wand of acid (10)
 J - a wand of flame (62)
Scrolls
 c - 4 scrolls of enchant weapon
 f - a scroll of vulnerability {unknown}
 j - 6 scrolls of magic mapping
 k - 4 scrolls of amnesia
 l - a scroll of silence {unknown}
 m - 6 scrolls of immolation
 n - 6 scrolls of enchant armour
 q - a scroll of teleportation
 s - a scroll of fog {unknown}
 x - 7 scrolls of remove curse
 z - 3 scrolls of blinking {unknown}
 L - a scroll of holy word {unknown}
 S - a scroll of fear {unknown}
 V - a scroll of noise {unknown}
 Y - a scroll of acquirement {unknown}
Potions
 p - 6 potions of flight
 v - 2 potions of ambrosia
 A - a potion of resistance {unknown}
 F - 3 potions of curing
 H - 2 potions of mutation
 Q - a potion of agility
 U - 3 potions of brilliance
 X - 2 potions of might
Miscellaneous
 O - a crystal ball of energy
 P - a sack of spiders
Comestibles
 d - 31 rations


   Skills:
 + Level 12.1 Fighting
   Level 4.3(5.6) Short Blades
 + Level 5.5(6.2) Long Blades
 - Level 0.3 Maces & Flails
 * Level 11.5 Armour
 - Level 6.0 Dodging
 - Level 2.2 Stealth
 - Level 4.0 Shields
 * Level 9.3 Spellcasting
 + Level 6.6 Conjurations
 - Level 0.7 Transmutations
 + Level 1.1 Air Magic
 + Level 11.1 Earth Magic
 + Level 4.6 Poison Magic


You had 11 spell levels left.
You knew the following spells:

 Your Spells              Type           Power        Failure   Level  Hunger
a - Sandblast             Erth           ######       1%          1    None
b - Stone Arrow           Conj/Erth      ######       3%          3    None
c - Mephitic Cloud        Conj/Pois/Air  ####....     16%         3    None
d - Lee's Rapid Deconstr  Erth           ######....   9%          5    #####..
e - Petrify               Tmut/Erth      #####...     24%         4    ###....
f - Blink                 Tloc           N/A          38%         2    None
p - Passwall              Tmut/Erth      #####...     4%          2    None

Your spell library contained the following spells:

 Spells                   Type           Power        Failure   Level  Hunger
 Fireball                 Conj/Fire      ####......   86%         5    #####..
 Apportation              Tloc           ##....       28%         1    None
 Bolt of Fire             Conj/Fire      ####......   100%        6    ######.
 Confuse                  Hex            ##......     61%         3    None
 Ring of Flames           Chrm/Fire      ##........   100%        7    #######
 Venom Bolt               Conj/Pois      #####.....   56%         5    #####..
 Olgreb's Toxic Radiance  Pois           ####....     36%         4    ###....
 Teleport Other           Tloc           ##......     61%         3    None
 Summon Small Mammal      Summ           ##..         28%         1    None
 Animate Dead             Necr           N/A          93%         4    ###....
 Animate Skeleton         Necr           N/A          28%         1    None
 Sting                    Conj/Pois      ####         3%          1    None
 Summon Demon             Summ           ##........   100%        5    #####..
 Recall                   Summ/Tloc      N/A          61%         3    None
 Spider Form              Tmut/Pois      ###.......   26%         3    None
 Blade Hands              Tmut           ##........   99%         5    #####..
 Ice Form                 Ice/Tmut       ##......     90%         4    ###....
 Death Channel            Necr           ##........   100%        6    ######.
 Shadow Creatures         Summ           N/A          100%        6    ######.
 Confusing Touch          Hex            ##....       28%         1    None
 Ignite Poison            Fire/Tmut/Pois ###.....     36%         3    None
 Sticks to Snakes         Tmut           ##......     30%         2    None
 Metabolic Englaciation   Hex/Ice        ##........   100%        5    #####..
 Simulacrum               Ice/Necr       ##........   100%        6    ######.
 Passage of Golubria      Tloc           N/A          93%         4    ###....
 Shroud of Golubria       Chrm/Tloc      ##........   38%         2    None
 Aura of Abjuration       Summ           ##........   100%        5    #####..
 Beastly Appendage        Tmut           ##....       21%         1    None
 Summon Forest            Summ/Tloc      ##........   100%        5    #####..
 Summon Mana Viper        Hex/Summ       ##......     100%        5    #####..
 Gell's Gravitas          Tloc           ##........   61%         3    None
 Yara's Violent Unravell  Hex/Tmut       ##........   99%         5    #####..
 Lesser Beckoning         Tloc           ##........   61%         3    None
 Poisonous Vapours        Pois/Air       ###...       13%         2    None
 Ignition                 Fire           ##........   100%        8    #######
 Borgnjor's Vile Clutch   Necr/Erth      #####.....   58%         5    #####..


Dungeon Overview and Level Annotations

Branches:
Dungeon (11/15)            Temple (1/1) D:6            Lair (6/6) D:9
 Shoals (1/4) Lair:4        Slime (0/5) Lair:6
  Snake: Lair:2-4    Spider: Lair:2-4       Orc: D:9-12

Altars:
Ashenzari
Cheibriados
Dithmenos
Elyvilon
Fedhas
Gozag
Hepliaklqana
Kikubaaqudgha
Makhleb
Nemelex Xobeh
Okawaru
Qazlal
Ru
Sif Muna
Trog
Uskayaw
Vehumet
Wu Jian
Xom
Yredelemnul
Zin
The Shining One
Beogh
Jiyva

Annotations:
D:3 exclusion: oklob plant
Lair:1 2 runed doors, Purph's ghost, journeyman MiBe
Lair:4 exclusion: oklob plant
Lair:5 exclusion: oklob plant
Lair:6 3 runed doors, exclusion: 2 oklob plants, Tanorik's ghost, adept MiFi


Innate Abilities, Weirdness & Mutations

You are resistant to torment.
Your stone body is resilient. (AC +10)
You are immune to poison.
Your large and strong wings let you fly indefinitely.
You resist negative energy. (rN+)
You are resistant to electric shocks. (rElec)
You can survive without breathing.
You are immune to petrification.
You are immune to rotting.
You are somewhat resistant to further mutation.
Your spells are a little harder to cast, but a little more powerful.


Message History

The merfolk impaler hits you but does no damage.
You can't do that while held in a net.
You struggle against the net.
The merfolk is engulfed in noxious fumes.
The merfolk impaler hits you but does no damage.
The merfolk hits you but does no damage. x2
The snapping turtle bites you but does no damage.
You struggle against the net.
The merfolk impaler hits you from afar with a trident!
* * * LOW HITPOINT WARNING * * *
The merfolk hits you from afar with a spear.
* * * LOW HITPOINT WARNING * * *
The snapping turtle bites you from afar!
* * * LOW HITPOINT WARNING * * *
It was a potion of might.
You feel very mighty all of a sudden.
The merfolk hits you but does no damage.
The merfolk impaler hits you but does no damage.
The merfolk hits you from afar with a glaive!
You die...

≈
≈≈≈≈≈≈≈≈≈≈≈≈≈≈PPPPPP
≈
≈≈≈≈≈≈≈≈≈≈≈≈.≈≈≈≈PP#
≈≈≈≈≈≈≈≈≈≈≈≈..≈P≈PP#
, , ≈
≈≈≈≈≈≈≈≈≈≈....P≈≈≈P.
≈
≈≈≈≈≈≈≈≈≈≈....≈≈...>
≈≈≈≈≈≈≈≈≈≈.m÷.≈≈....
* ≈
≈≈≈≈≈≈≈≈≈.m#.§....≈P
≈≈≈≈≈≈≈≈≈mm.@.t≈...P
≈≈≈≈≈≈≈≈≈≈m§..≈.....
≈
≈≈≈P≈≈≈≈≈≈≈÷≈≈≈..≈≈≈
,
≈≈≈≈≈P≈P≈P..m.≈≈≈≈≈≈
≈≈≈≈PPP≈≈P......≈≈≈≈
..≈≈≈P≈≈≈≈...≈..≈≈≈≈
..≈≈≈.≈P..###.....≈≈
, ..≈≈≈..P≈.#
......≈ ≈ PPP≈≈≈
.≈≈≈≈≈≈


You could see a merfolk impaler, a snapping turtle and 5 merfolk.

Vanquished Creatures
  Snorg (D:10)
  The ghost of Potronius the Thaumaturge, a journeyman GnVM of Sif Muna (Lair:3)
  5 hydras
  Harold (D:7)
  A catoblepas (Lair:6)
  2 two-headed ogres
  A death yak (Lair:5)
  2 lindwurms
  An ugly thing (D:11)
  2 manticores
  7 black mambas
  15 spiny frogs
  A torpor snail (Lair:2)
  3 rime drakes
  6 komodo dragons
  A queen bee (Lair:3)
  Grinder (Sewer)
  3 meliai (D:10)
  2 trolls
  A wind drake (Shoals:1)
  4 polar bears (Lair:2)
  9 hippogriffs
  9 dream sheep
  12 blink frogs
  3 basilisks
  A wraith (D:10)
  21 yaks
  2 wyverns
  3 wargs (D:9)
  A soldier ant (D:9)
  7 water moccasins
  An acid dragon (D:10)
  4 porcupines
  5 ice beasts
  7 orc warriors
  An eye of draining (D:8)
  A black bear (D:6)
  5 phantoms
  3 necrophages
  5 ogres
  5 centaurs
  7 crocodiles
  7 elf zombies (Ossuary)
  4 big kobolds
  6 bullfrogs
  2 gnoll sergeants
  A water moccasin zombie (D:9)
  4 scorpions
  29 killer bees
  8 wights
  2 electric eels (Lair:5)
  8 crimson imps
  9 centaur zombies
  3 quasits
  10 orc priests
  5 hounds
  A human zombie (Ossuary)
  5 jellies
  3 bullfrog skeletons
  A centaur skeleton (D:6)
  A gnoll shaman (D:4)
  19 orc wizards
  Jessica (D:3)
  5 iguanas
  5 worker ants
  A big kobold zombie (Sewer)
  2 hound zombies
  5 mummies
  2 hound skeletons
  A worker ant zombie (D:7)
  16 gnolls
  12 adders
  A river rat (D:6)
  4 shadow imps
  3 ufetubi (Sewer)
  4 oozes
  An adder zombie (D:4)
  An adder skeleton (D:7)
  6 worms
  2 dart slugs
  8 leopard geckos
  44 orcs
  13 bats
  7 giant cockroaches
  9 goblins
  9 hobgoblins
  6 jackals
  2 quokkas
  4 frilled lizards
  26 kobolds
  3 kobold zombies (Sewer)
  A quokka skeleton (D:7)
  7 rats
512 creatures vanquished.

Vanquished Creatures (others)
  A polar bear (Lair:3)
  An ogre (D:7)
  A bullfrog (D:7)
  A hound (D:7)
  An iguana (D:7)
  An orc wizard (D:7)
  An ooze (Sewer)
  An orc (D:6)
  2 quokkas
  2 kobold zombies (Sewer)
  10 fungi
  14 plants
  A withered plant (D:10)
37 creatures vanquished.

Grand Total: 549 creatures vanquished

Notes
Turn   | Place    | Note
-------+----------+-------------------------------------------
     0 | D:1      | vexx32 the Gargoyle Earth Elementalist began the quest for the Orb.
     0 | D:1      | Reached XP level 1. HP: 10/10 MP: 3/3
   111 | D:1      | Reached XP level 2. HP: 3/15 MP: 1/5
   400 | D:1      | Learned a level 2 spell: Passwall
  1074 | D:2      | Reached XP level 3. HP: 10/20 MP: 4/6
  1199 | D:2      | Learned a level 3 spell: Stone Arrow
  1200 | D:2      | Reached skill level 1 in Fighting
  1542 | D:2      | Reached skill level 1 in Armour
  2071 | D:3      | Found a blossoming altar of Fedhas.
  2072 | D:3      | Noticed an oklob plant
  2232 | D:3      | Gained mutation: You occasionally shout uncontrollably at your foes. [potion of mutation]
  2232 | D:3      | Gained mutation: You are somewhat resistant to further mutation. [potion of mutation]
  2232 | D:3      | Gained mutation: You expend magic power (3 MP) to strengthen your wands. [potion of mutation]
  2256 | D:3      | Noticed Jessica
  2272 | D:3      | Killed Jessica
  2272 | D:3      | Reached XP level 4. HP: 10/26 MP: 3/7
  2519 | D:3      | Reached skill level 2 in Fighting
  2615 | D:3      | Reached XP level 5. HP: 23/30 MP: 3/8
  2910 | D:3      | Found an ornate altar of the Wu Jian Council.
  2966 | D:3      | Reached skill level 1 in Short Blades
  3771 | D:4      | Reached XP level 6. HP: 24/36 MP: 9/9
  3905 | D:4      | Noticed a phantom
  3924 | D:4      | Reached skill level 3 in Fighting
  4038 | D:4      | Killed a phantom
  4111 | D:4      | Found a deep blue altar of Sif Muna.
  4309 | D:4      | Reached skill level 5 in Earth Magic
  4309 | D:4      | Reached XP level 7. HP: 41/41 MP: 6/11
  4469 | D:4      | Found a roughly hewn altar of Beogh.
  4777 | D:4      | Reached skill level 4 in Fighting
  5059 | D:5      | Entered Level 5 of the Dungeon
  5229 | D:5      | Found a sand-covered staircase.
  5264 | Ossuary  | Entered an ossuary
  5300 | Ossuary  | Reached XP level 8. HP: 45/48 MP: 1/12
  5512 | Ossuary  | Reached skill level 5 in Fighting
  5533 | Ossuary  | Reached skill level 5 in Armour
  6174 | D:5      | Reached XP level 9. HP: 55/55 MP: 14/14
  6248 | D:5      | Reached skill level 6 in Fighting
  6298 | D:5      | Found a snail-covered altar of Cheibriados.
  6322 | D:5      | Got a crystal shortbow
  6323 | D:5      | Identified the +4 shortbow of Icehi {freeze, Dex+3} (You found it on level 5 of the Dungeon)
  7304 | D:6      | Found a glowing drain.
  7353 | Sewer    | Entered a sewer
  7536 | Sewer    | Found a burning altar of Makhleb.
  7667 | Sewer    | Noticed Grinder
  7703 | Sewer    | Killed Grinder
  8184 | D:6      | Lost mutation: You occasionally shout uncontrollably at your foes. [potion of mutation]
  8184 | D:6      | Lost mutation: You expend magic power (3 MP) to strengthen your wands. [potion of mutation]
  8184 | D:6      | Gained mutation: You expend magic power (3 MP) to strengthen your wands. [potion of mutation]
  8184 | D:6      | Lost mutation: You expend magic power (3 MP) to strengthen your wands. [potion of mutation]
  8184 | D:6      | Gained mutation: Your spells are a little harder to cast, but a little more powerful. [potion of mutation]
  8221 | D:6      | Reached skill level 7 in Fighting
  8637 | D:6      | Reached XP level 10. HP: 63/63 MP: 0/17
  8779 | D:6      | Found a white marble altar of Elyvilon.
  8859 | D:6      | Found a staircase to the Ecumenical Temple.
  8981 | Temple   | Entered the Ecumenical Temple
  9035 | Temple   | Became a worshipper of Ashenzari the Shackled
  9116 | D:7      | Noticed Harold
  9672 | D:6      | Reached skill level 5 in Spellcasting
  9893 | D:7      | Found a shimmering altar of Xom.
  9919 | D:6      | HP: 3/64 [orc warrior/scimitar (11)]
  9925 | D:6      | Reached skill level 8 in Fighting
 10627 | D:7      | Killed Harold
 10627 | D:7      | Reached skill level 1 in Long Blades
 11021 | D:7      | Found a shimmering altar of Xom.
 11189 | D:8      | Found a flagged portal.
 11202 | Bailey   | Entered a bailey
 11492 | Bailey   | Found a burning altar of Makhleb.
 11705 | D:8      | Reached skill level 9 in Fighting
 11998 | D:8      | Got the uncursed robe of the Original Sin {rElec Regen+}
 12009 | D:8      | Identified the +2 robe of the Original Sin {rElec Regen+} (You found it on level 8 of the Dungeon)
 12238 | D:8      | Reached skill level 5 in Dodging
 12245 | D:8      | Reached XP level 11. HP: 68/71 MP: 19/19
 12341 | D:8      | Noticed a three-headed hydra
 12353 | D:8      | Killed a four-headed hydra
 12990 | D:8      | Found a glowing silver altar of Zin.
 12991 | D:8      | Found an opulent altar of Gozag.
 13336 | D:9      | Found a staircase to the Lair.
 13401 | D:9      | Noticed a two-headed ogre
 13410 | D:9      | Killed a two-headed ogre
 13803 | D:9      | Reached skill level 10 in Fighting
 14299 | D:10     | Entered Level 10 of the Dungeon
 15002 | D:10     | Noticed Snorg
 15363 | D:10     | Killed Snorg
 15363 | D:10     | Reached skill level 1 in Shields
 15363 | D:10     | Reached XP level 12. HP: 37/78 MP: 5/21
 15761 | D:10     | Noticed a two-headed ogre
 15765 | D:10     | Killed a two-headed ogre
 16173 | D:11     | Reached skill level 10 in Armour
 16608 | D:11     | Noticed a centaur warrior
 16674 | D:9      | Reached skill level 1 in Conjurations
 16690 | Lair:1   | Entered Level 1 of the Lair of Beasts
 16892 | Lair:1   | Reached skill level 11 in Fighting
 17208 | Lair:1   | Found a large runed door.
 17208 | Lair:1   | Found a large runed door.
 17209 | Lair:1   | Noticed Purph's ghost (journeyman MiBe)
 17370 | Lair:1   | Got the trident of Sunlight {distort, MR+ Dex+4}
 18456 | Lair:2   | Reached * piety under Ashenzari
 18508 | Lair:2   | Learned a level 4 spell: Petrify
 18514 | Lair:2   | Learned a level 5 spell: Lee's Rapid Deconstruction
 18518 | Lair:2   | Learned a level 3 spell: Mephitic Cloud
 18951 | Lair:2   | Reached skill level 1 in Poison Magic
 19663 | Lair:3   | Reached XP level 13. HP: 40/84 MP: 19/23
 19966 | Lair:3   | Reached skill level 5 in Long Blades
 20080 | Lair:3   | Found a large runed door.
 20080 | Lair:3   | Found a large runed door.
 20085 | Lair:3   | Noticed Potronius's ghost (journeyman GnVM)
 20180 | Lair:3   | Killed Potronius's ghost
 20180 | Lair:3   | Reached skill level 10 in Earth Magic
 21545 | Lair:4   | Reached skill level 5 in Conjurations
 21813 | Lair:4   | Reached skill level 12 in Fighting
 22198 | Lair:4   | Found a staircase to the Shoals.
 23109 | Lair:5   | Reached ** piety under Ashenzari
 23332 | Lair:5   | Found a shimmering altar of Xom.
 23651 | Lair:3   | HP: 3/86 [komodo dragon (17)]
 24564 | Lair:6   | Entered Level 6 of the Lair of Beasts
 25260 | Lair:6   | Found a viscous altar of Jiyva.
 25260 | Lair:6   | Found a staircase to the Slime Pits.
 25461 | Lair:6   | Identified the +3 trident of Sunlight {distort, MR+ Dex+4} (You found it on level 1 of the Lair of Beasts)
 25464 | Lair:6   | Got the war axe of the Dead {holy, *Rage rN++ Str+2 SInv}
 25465 | Lair:6   | Identified the +1 war axe of the Dead {holy, *Rage rN++ Str+2 SInv} (You found it on level 6 of the Lair of Beasts)
 25521 | Lair:6   | Got the mace "Zurph" {antimagic, rC+ Int-4 Dex+5}
 25579 | Lair:6   | Found a runed gate.
 25584 | Lair:6   | Noticed Tanorik's ghost (adept MiFi)
 25585 | Lair:6   | Found a runed gate.
 25585 | Lair:6   | Found a viscous altar of Jiyva.
 25585 | Lair:6   | Found a runed gate.
 25585 | Lair:6   | Noticed a death ooze
 25679 | Lair:6   | Learned a level 2 spell: Blink
 26033 | Lair:6   | Gained mutation: Your large and strong wings let you fly indefinitely. [Gargoyle growth]
 26033 | Lair:6   | Reached XP level 14. HP: 71/92 MP: 14/27
 26461 | Lair:6   | Reached skill level 1 in Air Magic
 26603 | Lair:6   | Noticed a dire elephant
 27613 | Shoals:1 | Entered Level 1 of the Shoals
 27895 | Shoals:1 | Slain by a merfolk

Vault maps used:
D:1:      minmay_arrival_up_and_down
D:3:      marbit_many_paths, first_ration, columned_hall_lemuel, tgw_fedhas,
          uniq_jessica
D:4:      lemuel_blue_sif_altar, kennysheep_orc_chapel
D:5:      cheibrodos_quashed, nicolae_ossuary_entry_false_entrances,
          cheibriados_altar_1
D:6:      elyvilon_altar_4, minmay_temple_entry_enclosed_plants,
          cheibrodos_sewer_entry_sluice
D:7:      overflow_temple_1_default, xom_confusion_cloud, uniq_harold
D:8:      grunt_temple_overflow_gold_and_silver, enter_bailey_3, hangedman_ranch
D:9:      erik_lair_orcish_takeover
D:10:     serial_undead, serial_undead_f, serial_undead_a, serial_undead_e,
          serial_undead_e, uniq_snorg
D:11:     minmay_orc_entry_guard_dogs
Temple:   nicolae_temple_x_marks_the_god
Lair:1:   ebering_ghost_disaster_area
Lair:2:   cheibrodos_lair_lostbears
Lair:3:   ebering_ghost_disaster_area, patterned_corridor, grunt_megastairs_3
Lair:4:   shoals_dummy_entry, spider_nest_entry_funnel_web
Lair:5:   basic_altar, minmay_lair_oklob_bushes, hangedman_lair_generics_rect,
          serial_bayou_shore_a, lemuel_fruit_tree, grunt_megastairs_4
Lair:6:   hangedman_lair_in_review, slime_altar_1, gammafunk_ghost_ooze,
          minmay_lair_oklob_chamber
Sewer:    kennysheep_sewer_church
Ossuary:  ossuary_minmay_four_chambers
Bailey:   bailey_axe_3, bailey

Skill      XL: |  1  2  3  4  5  6  7  8  9 10 11 12 13 14 |
---------------+-------------------------------------------+-----
Earth Magic    | 4 5 6 7 8 9 10 11 | 11.1
Fighting       | 1 2 3 4 5 7 9 10 11 12 | 12.1
Armour         | 1 2 3 4 5 7 8 9 10 11 | 11.5
Dodging        | 2 3 4 5 6 |  6.0
Short Blades   | 1 2 3 4 |  4.3
Spellcasting   | 3 4 5 6 7 9 |  9.3
Long Blades    | 2 3 4 5 |  5.5
Shields        | 1 4 |  4.0
Conjurations   | 4 6 |  6.6
Poison Magic   | 1 4 |  4.6
Air Magic      | 1 |  1.1
Maces & Flails | |  0.3
Stealth        | |  2.2
Transmutations | |  0.7

Action                   |  1- 3 |  4- 6 |  7- 9 | 10-12 | 13-15 || total
-------------------------+-------+-------+-------+-------+-------++-------
Melee: Club              |    32 |       |       |       |       ||    32
       Unarmed           |     3 |       |       |       |       ||     3
       Dagger            |    52 |   110 |   599 |   211 |       ||   972
       Staff             |       |       |    25 |       |       ||    25
       Scimitar          |       |       |       |   363 |       ||   363
       Long sword        |       |       |       |   304 |   447 ||   751
Throw: Tomahawk          |       |       |       |     5 |       ||     5
       Stone             |       |       |       |     3 |       ||     3
 Cast: Sandblast         |    20 |    15 |    75 |   161 |    69 ||   340
       Stone Arrow       |     1 |    11 |    43 |   133 |   167 ||   355
       Mephitic Cloud    |       |       |       |       |     7 ||     7
Evoke: Wand              |       |       |       |       |     1 ||     1
  Use: Scroll            |     5 |     3 |     4 |     3 |     6 ||    21
       Potion            |     6 |     1 |     1 |    14 |     7 ||    29
 Stab: Sleeping          |     5 |     2 |     1 |     2 |       ||    10
       Petrified         |       |       |       |       |     4 ||     4
       Confused          |       |       |       |       |     1 ||     1
  Eat: Chunk             |     5 |     5 |     8 |    36 |    12 ||    66
       Ration            |       |     1 |     3 |     2 |     4 ||    10
Armor: Robe              |    38 |    40 |   204 |    23 |       ||   305
       Ring mail         |       |       |       |   157 |       ||   157
       Scale mail        |       |       |       |   422 |   421 ||   843
Dodge: Dodged            |    61 |    64 |   320 |   818 |   536 ||  1799
Block: Buckler           |       |       |       |    27 |   132 ||   159
       Rpst.: Scimitar   |       |       |       |    98 |       ||    98
       Long sword        |       |       |       |    76 |   154 ||   230

Table legend:
 A = Spawn XP
 B = Non-spawn XP
 C = Spawn XP percentage of total XP
 D = Spawn monster count
 E = Non-spawn monster count
 F = Spawn count percentage of total count
 G = Total turns spent on level
                    A         B        C        D         E        F      G
               +---------+---------+-------+---------+---------+-------+---------
         Total |       0 |   61197 |   0.0 |       0 |     512 |   0.0 | 27895
               +---------+---------+-------+---------+---------+-------+---------
           D:1 |       0 |      30 |   0.0 |       0 |      19 |   0.0 |  1063
           D:2 |       0 |      28 |   0.0 |       0 |      14 |   0.0 |   952
           D:3 |       0 |     153 |   0.0 |       0 |      30 |   0.0 |  1422
           D:4 |       0 |     769 |   0.0 |       0 |      29 |   0.0 |  1639
           D:5 |       0 |    1017 |   0.0 |       0 |      33 |   0.0 |  1453
           D:6 |       0 |    1904 |   0.0 |       0 |      33 |   0.0 |  1991
           D:7 |       0 |    2299 |   0.0 |       0 |      38 |   0.0 |  1095
           D:8 |       0 |    3041 |   0.0 |       0 |      30 |   0.0 |  1619
           D:9 |       0 |    4001 |   0.0 |       0 |      37 |   0.0 |  1439
          D:10 |       0 |    5602 |   0.0 |       0 |      46 |   0.0 |  1786
          D:11 |       0 |    1843 |   0.0 |       0 |       8 |   0.0 |   363
        Lair:1 |       0 |    2373 |   0.0 |       0 |       9 |   0.0 |  1306
        Lair:2 |       0 |    5751 |   0.0 |       0 |      24 |   0.0 |  1559
        Lair:3 |       0 |    5717 |   0.0 |       0 |      35 |   0.0 |  2100
        Lair:4 |       0 |    4095 |   0.0 |       0 |      15 |   0.0 |  1589
        Lair:5 |       0 |    7145 |   0.0 |       0 |      19 |   0.0 |  1866
        Lair:6 |       0 |   12610 |   0.0 |       0 |      35 |   0.0 |  2725
      Shoals:1 |       0 |     807 |   0.0 |       0 |       2 |   0.0 |    60
         Sewer |       0 |     480 |   0.0 |       0 |      32 |   0.0 |   730
       Ossuary |       0 |     980 |   0.0 |       0 |      15 |   0.0 |   686
        Bailey |       0 |     552 |   0.0 |       0 |       9 |   0.0 |   339
               +---------+---------+-------+---------+---------+-------+---------
